[ AOE2 MATCH · #475483966 ]
Team RMJapanese vs Berbers
[ REPLAY ANALYSIS · EXTRACTED FROM THE RECORDED GAME ]
Feudal
12:42
Castle
16:28
Imperial
—
| APM avg | 30.8 |
| APM peak | 63 |
| eAPM avg | 20.2 |
| Villagers / military | 113 / 32 |
Focus
⚔️ 26.4% · 🌾 73.6%
Knight ×31 · Fishing Ship ×7 · Fire Galley ×1
Feudal
13:10
Castle
27:49
Imperial
—
| APM avg | 31.5 |
| APM peak | 68 |
| eAPM avg | 15.0 |
| Villagers / military | 62 / 57 |
Focus
⚔️ 34.8% · 🌾 65.2%
Archer ×46 · Skirmisher ×10 · Fishing Ship ×5 · Spearman ×1
Feudal
15:04
Castle
24:54
Imperial
—
| APM avg | 39.0 |
| APM peak | 86 |
| eAPM avg | 13.8 |
| Villagers / military | 55 / 45 |
Focus
⚔️ 24.3% · 🌾 75.7%
Archer ×41 · Fishing Ship ×6 · Battering Ram ×4
Feudal
22:55
Castle
—
Imperial
—
| APM avg | 34.4 |
| APM peak | 83 |
| eAPM avg | 15.6 |
| Villagers / military | 59 / 0 |
Focus
⚔️ 22.4% · 🌾 77.6%
Fishing Ship ×2
Feudal
12:50
Castle
24:53
Imperial
—
| APM avg | 28.0 |
| APM peak | 51 |
| eAPM avg | 12.9 |
| Villagers / military | 48 / 36 |
Focus
⚔️ 30.3% · 🌾 69.7%
Archer ×34 · Fishing Ship ×6 · Knight ×2
Feudal
11:56
Castle
21:38
Imperial
33:15
| APM avg | 39.1 |
| APM peak | 86 |
| eAPM avg | 13.7 |
| Villagers / military | 61 / 39 |
Focus
⚔️ 23.7% · 🌾 76.3%
Galley ×25 · Genoese Crossbowman ×14 · Fishing Ship ×11
Feudal
12:57
Castle
23:30
Imperial
—
| APM avg | 44.2 |
| APM peak | 96 |
| eAPM avg | 21.9 |
| Villagers / military | 76 / 34 |
Focus
⚔️ 22.9% · 🌾 77.1%
Galley ×19 · Camel Archer ×15 · Fishing Ship ×7 · Trade Cog ×2
Feudal
14:00
Castle
20:49
Imperial
—
| APM avg | 21.9 |
| APM peak | 48 |
| eAPM avg | 13.9 |
| Villagers / military | 79 / 34 |
Focus
⚔️ 22.3% · 🌾 77.7%
Knight ×20 · Fishing Ship ×10 · Scout Cavalry ×5 · Archer ×4 · Battering Ram ×3 · Unknown (2626) ×3
Match map
Resources at game start + every placement click. Thick line = wall · dashed box = detected house wall. 🟡 gold · ⚪ stone · 🟢 berries · 🔶 boar · ⭕ relic
Inputs per minute
— [M] Nico - - [FeI] Sargento Cabral
Build order — [M] Nico
First 150 of 239 actions detected
| 0:29 | Build | Town Center |
| 2:32 | Build | House |
| 2:57 | Create | Villager (Male) |
| 2:58 | Create | Villager (Male) |
| 2:58 | Create | Villager (Male) |
| 3:10 | Build | Dock |
| 3:17 | Create | Villager (Male) |
| 4:05 | Create | Fishing Ship |
| 4:27 | Research | Loom |
| 4:27 | Research | Loom |
| 4:54 | Create | Fishing Ship |
| 5:24 | Create | Villager (Male) |
| 5:24 | Create | Villager (Male) |
| 5:24 | Create | Villager (Male) |
| 6:04 | Create | Villager (Male) |
| 6:08 | Create | Fishing Ship |
| 6:12 | Create | Villager (Male) |
| 6:12 | Create | Villager (Male) |
| 6:33 | Build | House |
| 6:54 | Create | Villager (Male) |
| 6:54 | Create | Villager (Male) |
| 7:16 | Create | Fishing Ship |
| 7:19 | Create | Villager (Male) |
| 7:20 | Create | Villager (Male) |
| 7:48 | Create | Villager (Male) |
| 8:08 | Create | Villager (Male) |
| 8:09 | Create | Villager (Male) |
| 8:14 | Create | Fishing Ship |
| 8:33 | Create | Fishing Ship |
| 8:36 | Build | House |
| 8:54 | Create | Villager (Male) |
| 9:12 | Create | Villager (Male) |
| 9:36 | Create | Fishing Ship |
| 9:36 | Create | Villager (Male) |
| 9:58 | Build | Mill |
| 10:32 | Research | Feudal Age |
| 12:34 | Build | House |
| 12:42 | Age | Feudal Age |
| 12:44 | Build | Market |
| 12:45 | Build | Blacksmith |
| 13:48 | Research | Castle Age |
| 13:48 | Research | Castle Age |
| 14:23 | Build | Palisade Wall |
| 14:25 | Build | Palisade Wall |
| 14:54 | Create | Fire Galley |
| 15:39 | Build | Barracks |
| 16:16 | Build | House |
| 16:28 | Age | Castle Age |
| 16:34 | Build | Town Center |
| 16:42 | Create | Villager (Male) |
| 16:55 | Build | Stable |
| 17:47 | Create | Villager (Male) |
| 17:48 | Create | Villager (Male) |
| 17:48 | Create | Villager (Male) |
| 18:10 | Create | Villager (Male) |
| 18:10 | Create | Villager (Male) |
| 18:10 | Create | Villager (Male) |
| 18:11 | Create | Villager (Male) |
| 18:20 | Build | Stable |
| 18:27 | Create | Villager (Male) |
| 18:27 | Create | Villager (Male) |
| 18:28 | Create | Villager (Male) |
| 18:55 | Create | Knight |
| 18:55 | Create | Knight |
| 18:59 | Create | Villager (Male) |
| 19:07 | Build | Farm |
| 19:12 | Create | Villager (Male) |
| 19:27 | Research | Scale Barding Armor |
| 19:31 | Build | House |
| 19:36 | Build | Farm |
| 19:46 | Create | Villager (Male) |
| 19:47 | Create | Villager (Male) |
| 19:57 | Build | Farm |
| 20:07 | Build | Farm |
| 20:07 | Build | Farm |
| 20:08 | Build | Farm |
| 20:08 | Build | Farm |
| 20:09 | Create | Villager (Male) |
| 20:21 | Build | Farm |
| 20:24 | Create | Villager (Male) |
| 20:46 | Create | Knight |
| 20:50 | Build | Farm |
| 21:05 | Create | Villager (Male) |
| 21:12 | Build | House |
| 21:17 | Create | Villager (Male) |
| 21:17 | Create | Villager (Male) |
| 21:18 | Create | Villager (Male) |
| 21:29 | Build | Farm |
| 21:29 | Build | Farm |
| 21:35 | Create | Knight |
| 21:44 | Create | Villager (Male) |
| 21:56 | Create | Villager (Male) |
| 21:57 | Create | Villager (Male) |
| 21:57 | Create | Villager (Male) |
| 22:05 | Build | House |
| 22:26 | Research | Chain Barding Armor |
| 22:26 | Research | Chain Barding Armor |
| 22:33 | Create | Villager (Male) |
| 22:36 | Build | Farm |
| 22:39 | Build | Farm |
| 22:46 | Create | Villager (Male) |
| 23:02 | Create | Villager (Male) |
| 23:02 | Create | Villager (Male) |
| 23:03 | Create | Villager (Male) |
| 23:16 | Build | Farm |
| 23:16 | Create | Villager (Male) |
| 23:16 | Create | Villager (Male) |
| 23:29 | Build | House |
| 23:39 | Create | Villager (Male) |
| 23:39 | Create | Villager (Male) |
| 23:40 | Create | Villager (Male) |
| 23:45 | Create | Knight |
| 23:50 | Build | House |
| 24:02 | Build | Mill |
| 24:11 | Create | Villager (Male) |
| 24:16 | Create | Knight |
| 24:35 | Create | Knight |
| 24:42 | Build | Farm |
| 24:43 | Create | Villager (Male) |
| 24:43 | Create | Villager (Male) |
| 24:43 | Create | Villager (Male) |
| 24:43 | Create | Villager (Male) |
| 24:54 | Research | Forging |
| 24:54 | Research | Forging |
| 25:04 | Build | Farm |
| 25:05 | Create | Villager (Male) |
| 25:06 | Create | Villager (Male) |
| 25:12 | Create | Villager (Male) |
| 25:12 | Create | Villager (Male) |
| 25:14 | Create | Knight |
| 25:27 | Create | Villager (Male) |
| 25:28 | Create | Villager (Male) |
| 25:41 | Build | Town Center |
| 25:52 | Build | Farm |
| 26:03 | Research | Bloodlines |
| 26:04 | Create | Knight |
| 26:04 | Create | Knight |
| 26:10 | Build | Farm |
| 26:11 | Create | Villager (Male) |
| 26:11 | Create | Villager (Male) |
| 26:12 | Create | Villager (Male) |
| 26:15 | Build | House |
| 26:22 | Build | House |
| 26:24 | Create | Villager (Male) |
| 26:25 | Create | Villager (Male) |
| 26:25 | Create | Villager (Male) |
| 26:30 | Create | Knight |
| 26:30 | Create | Knight |
| 26:40 | Create | Villager (Male) |
| 26:41 | Create | Villager (Male) |
Build order — [FeI] Sargento Cabral
First 150 of 205 actions detected
| 1:05 | Build | Town Center |
| 1:37 | Build | Dock |
| 1:39 | Build | House |
| 3:18 | Create | Villager (Male) |
| 3:18 | Create | Villager (Male) |
| 3:21 | Create | Villager (Male) |
| 4:03 | Create | Villager (Male) |
| 4:35 | Create | Villager (Male) |
| 5:16 | Create | Fishing Ship |
| 5:26 | Create | Villager (Male) |
| 5:44 | Create | Villager (Male) |
| 6:06 | Build | House |
| 6:13 | Create | Villager (Male) |
| 6:59 | Create | Villager (Male) |
| 7:09 | Create | Fishing Ship |
| 7:09 | Create | Fishing Ship |
| 7:22 | Create | Villager (Male) |
| 7:52 | Create | Villager (Male) |
| 8:00 | Create | Villager (Male) |
| 8:09 | Build | House |
| 8:20 | Create | Villager (Male) |
| 8:23 | Create | Fishing Ship |
| 8:37 | Create | Villager (Male) |
| 8:51 | Create | Villager (Male) |
| 9:06 | Create | Villager (Male) |
| 9:26 | Create | Fishing Ship |
| 9:40 | Build | House |
| 9:50 | Build | Mill |
| 9:58 | Create | Villager (Male) |
| 10:06 | Research | Loom |
| 11:00 | Research | Feudal Age |
| 11:21 | Build | Lumber Camp |
| 11:56 | Build | House |
| 12:33 | Build | Barracks |
| 12:49 | Build | Mining Camp |
| 12:51 | Create | Villager (Male) |
| 13:10 | Age | Feudal Age |
| 13:14 | Research | Double-Bit Axe |
| 13:25 | Build | Archery Range |
| 13:28 | Create | Villager (Male) |
| 13:41 | Create | Villager (Male) |
| 14:03 | Research | Town Watch |
| 14:04 | Create | Villager (Male) |
| 14:08 | Create | Archer |
| 14:16 | Build | Blacksmith |
| 14:35 | Create | Villager (Male) |
| 14:42 | Build | House |
| 14:43 | Build | Palisade Wall |
| 14:46 | Create | Villager (Male) |
| 14:51 | Create | Villager (Male) |
| 15:04 | Create | Skirmisher |
| 15:11 | Build | Archery Range |
| 15:12 | Create | Villager (Male) |
| 15:22 | Create | Villager (Male) |
| 15:25 | Create | Villager (Male) |
| 15:36 | Create | Archer |
| 15:37 | Create | Archer |
| 15:48 | Create | Villager (Male) |
| 15:58 | Create | Archer |
| 15:59 | Create | Villager (Male) |
| 16:18 | Create | Archer |
| 16:31 | Build | Farm |
| 16:31 | Create | Villager (Male) |
| 16:40 | Research | Fletching |
| 16:51 | Build | Palisade Wall |
| 16:53 | Build | Palisade Wall |
| 16:55 | Create | Villager (Male) |
| 17:01 | Create | Archer |
| 17:03 | Create | Archer |
| 17:06 | Create | Skirmisher |
| 17:24 | Create | Villager (Male) |
| 17:31 | Build | House |
| 17:32 | Build | Palisade Wall |
| 18:12 | Build | House |
| 18:14 | Create | Archer |
| 18:14 | Create | Archer |
| 18:15 | Create | Villager (Male) |
| 18:20 | Build | Farm |
| 18:28 | Research | Wheelbarrow |
| 18:44 | Create | Archer |
| 18:45 | Create | Villager (Male) |
| 18:49 | Build | House |
| 19:09 | Create | Skirmisher |
| 19:10 | Create | Skirmisher |
| 19:31 | Create | Villager (Male) |
| 19:41 | Create | Archer |
| 19:48 | Build | House |
| 19:57 | Build | House |
| 20:01 | Create | Villager (Male) |
| 20:11 | Build | Palisade Wall |
| 20:14 | Build | Palisade Wall |
| 20:22 | Research | Horse Collar |
| 20:26 | Create | Villager (Male) |
| 20:34 | Create | Spearman |
| 20:39 | Build | Palisade Wall |
| 20:44 | Create | Villager (Male) |
| 20:47 | Build | Farm |
| 20:48 | Build | Farm |
| 20:52 | Create | Skirmisher |
| 20:52 | Create | Skirmisher |
| 21:05 | Create | Villager (Male) |
| 21:09 | Create | Skirmisher |
| 21:32 | Create | Villager (Male) |
| 21:32 | Create | Villager (Male) |
| 21:41 | Build | Farm |
| 21:42 | Build | Farm |
| 21:47 | Build | Palisade Gate |
| 21:58 | Create | Skirmisher |
| 21:58 | Create | Skirmisher |
| 22:27 | Create | Villager (Male) |
| 22:38 | Build | Farm |
| 22:38 | Build | Farm |
| 23:00 | Create | Skirmisher |
| 23:06 | Create | Villager (Male) |
| 23:09 | Build | Farm |
| 23:21 | Build | Market |
| 23:23 | Build | Palisade Wall |
| 23:25 | Create | Villager (Male) |
| 23:45 | Build | Building 800 |
| 23:48 | Create | Villager (Male) |
| 24:02 | Create | Villager (Male) |
| 24:43 | Research | Castle Age |
| 24:47 | Create | Archer |
| 24:47 | Create | Archer |
| 25:04 | Build | Farm |
| 25:14 | Create | Archer |
| 25:15 | Create | Archer |
| 25:16 | Build | House |
| 25:17 | Create | Villager (Male) |
| 25:30 | Create | Villager (Male) |
| 25:34 | Build | Farm |
| 25:34 | Build | Farm |
| 25:35 | Build | Farm |
| 25:35 | Build | Farm |
| 25:35 | Build | Farm |
| 25:39 | Create | Archer |
| 25:39 | Create | Archer |
| 26:24 | Research | Padded Archer Armor |
| 26:29 | Create | Archer |
| 26:29 | Create | Archer |
| 26:31 | Build | House |
| 26:32 | Build | House |
| 26:38 | Create | Archer |
| 26:38 | Create | Archer |
| 27:11 | Create | Archer |
| 27:14 | Build | Archery Range |
| 27:15 | Build | Farm |
| 27:23 | Research | Padded Archer Armor |
| 27:30 | Create | Villager (Male) |
| 27:49 | Age | Castle Age |
Build order — Sir Monkey
First 150 of 172 actions detected
| 0:40 | Build | Town Center |
| 0:49 | Build | House |
| 0:50 | Build | House |
| 0:56 | Build | Dock |
| 2:54 | Create | Villager (Male) ×4 |
| 2:54 | Create | Villager (Male) ×4 |
| 3:51 | Create | Villager (Male) |
| 3:52 | Create | Villager (Male) |
| 4:16 | Create | Villager (Male) |
| 5:02 | Create | Villager (Male) |
| 5:09 | Build | House |
| 5:19 | Create | Villager (Male) |
| 5:57 | Research | Loom |
| 5:58 | Create | Villager (Male) |
| 5:58 | Create | Villager (Male) |
| 6:22 | Create | Fishing Ship |
| 6:22 | Create | Fishing Ship |
| 6:33 | Create | Villager (Male) |
| 6:46 | Build | House |
| 6:53 | Create | Villager (Male) |
| 7:02 | Create | Villager (Male) |
| 7:19 | Create | Fishing Ship |
| 7:57 | Create | Villager (Male) |
| 8:32 | Create | Villager (Male) |
| 8:33 | Create | Villager (Male) |
| 8:33 | Create | Villager (Male) |
| 8:55 | Build | Barracks |
| 9:24 | Create | Villager (Male) |
| 9:41 | Create | Villager (Male) |
| 9:41 | Create | Villager (Male) |
| 9:51 | Build | House |
| 10:00 | Create | Fishing Ship |
| 10:01 | Create | Fishing Ship |
| 10:19 | Build | House |
| 10:41 | Build | Mill |
| 10:47 | Create | Villager (Male) |
| 10:48 | Create | Villager (Male) |
| 11:08 | Create | Fishing Ship |
| 11:52 | Build | Palisade Wall |
| 11:59 | Build | Palisade Wall |
| 12:10 | Build | Palisade Wall |
| 12:19 | Build | Palisade Wall |
| 12:54 | Research | Feudal Age |
| 13:18 | Build | Palisade Wall |
| 13:26 | Build | Palisade Wall |
| 14:01 | Build | Mining Camp |
| 14:14 | Build | Palisade Wall |
| 15:04 | Age | Feudal Age |
| 15:13 | Build | Archery Range |
| 15:17 | Build | Archery Range |
| 15:21 | Build | Blacksmith |
| 15:28 | Create | Villager (Male) |
| 15:28 | Create | Villager (Male) |
| 15:29 | Create | Villager (Male) |
| 15:52 | Create | Archer |
| 16:07 | Create | Archer |
| 16:20 | Research | Gold Mining |
| 16:23 | Create | Archer |
| 16:24 | Create | Archer |
| 16:30 | Build | House |
| 16:38 | Build | Blacksmith |
| 16:49 | Create | Villager (Male) |
| 16:49 | Create | Villager (Male) |
| 16:52 | Create | Villager (Male) |
| 16:57 | Create | Archer |
| 17:00 | Research | Forging |
| 17:02 | Research | Padded Archer Armor |
| 17:12 | Create | Archer |
| 17:41 | Research | Fletching |
| 17:44 | Create | Archer |
| 18:15 | Build | Mining Camp |
| 18:31 | Create | Villager (Male) |
| 18:31 | Create | Villager (Male) |
| 18:37 | Build | House |
| 18:40 | Build | House |
| 18:42 | Build | House |
| 19:31 | Create | Villager (Male) |
| 19:31 | Create | Villager (Male) |
| 19:43 | Build | Market |
| 20:04 | Build | Farm |
| 20:07 | Build | Farm |
| 20:21 | Build | Farm |
| 20:22 | Build | Farm |
| 20:25 | Create | Villager (Male) |
| 20:29 | Build | Farm |
| 20:34 | Build | Farm |
| 21:00 | Build | Farm |
| 21:03 | Create | Villager (Male) |
| 21:07 | Build | Farm |
| 21:37 | Build | Stone Wall |
| 21:46 | Build | Palisade Wall |
| 22:02 | Build | Farm |
| 22:14 | Research | Castle Age |
| 22:26 | Build | Lumber Camp |
| 22:57 | Build | Palisade Wall |
| 23:07 | Build | Palisade Wall |
| 23:47 | Build | House |
| 23:53 | Build | House |
| 23:59 | Build | House |
| 24:35 | Build | Building 804 |
| 24:53 | Build | Palisade Wall |
| 24:54 | Age | Castle Age |
| 25:02 | Research | Crossbowman (upgrade) |
| 25:04 | Research | Thumb Ring |
| 25:15 | Create | Archer |
| 25:15 | Create | Archer |
| 25:15 | Create | Archer |
| 25:15 | Create | Archer |
| 25:16 | Create | Archer |
| 25:42 | Create | Archer |
| 25:42 | Create | Archer |
| 25:42 | Create | Archer |
| 25:42 | Create | Archer |
| 25:43 | Create | Archer |
| 26:09 | Build | House |
| 26:12 | Build | House |
| 26:25 | Create | Archer |
| 26:26 | Create | Archer |
| 26:32 | Create | Villager (Male) |
| 26:33 | Create | Villager (Male) |
| 26:33 | Create | Villager (Male) |
| 26:33 | Create | Villager (Male) |
| 26:33 | Create | Villager (Male) |
| 26:33 | Create | Villager (Male) |
| 27:20 | Research | Leather Archer Armor |
| 27:58 | Create | Archer |
| 27:58 | Create | Archer |
| 27:58 | Create | Archer |
| 27:58 | Create | Archer |
| 28:50 | Create | Archer |
| 28:53 | Research | Iron Casting |
| 29:10 | Create | Archer |
| 29:11 | Create | Archer |
| 29:11 | Create | Archer |
| 29:11 | Create | Archer |
| 29:11 | Create | Archer |
| 29:12 | Create | Archer |
| 29:12 | Create | Archer |
| 29:26 | Build | Siege Workshop |
| 30:08 | Research | Bodkin Arrow |
| 30:15 | Create | Villager (Male) |
| 30:55 | Create | Battering Ram |
| 30:55 | Create | Battering Ram |
| 31:03 | Build | House |
| 31:06 | Build | House |
| 31:17 | Build | University |
| 31:51 | Create | Archer |
| 31:51 | Create | Archer |
| 31:59 | Build | Mining Camp |
| 32:03 | Create | Villager (Male) |
Build order — Asggard9
121 actions detected in the replay
| 0:47 | Build | Town Center |
| 1:18 | Build | Dock |
| 3:42 | Create | Villager (Male) |
| 3:42 | Create | Villager (Male) |
| 3:42 | Create | Villager (Male) |
| 3:44 | Create | Villager (Male) |
| 3:44 | Create | Villager (Male) |
| 3:44 | Create | Villager (Male) |
| 4:06 | Create | Villager (Male) |
| 4:06 | Create | Villager (Male) |
| 5:36 | Create | Fishing Ship |
| 5:36 | Create | Fishing Ship |
| 5:51 | Build | House |
| 5:56 | Create | Villager (Male) |
| 5:56 | Create | Villager (Male) |
| 5:57 | Create | Villager (Male) |
| 6:15 | Research | Loom |
| 6:20 | Create | Villager (Male) |
| 6:20 | Create | Villager (Male) |
| 6:21 | Create | Villager (Male) |
| 6:21 | Create | Villager (Male) |
| 7:33 | Create | Villager (Male) |
| 7:33 | Create | Villager (Male) |
| 7:33 | Create | Villager (Male) |
| 8:00 | Create | Villager (Male) |
| 8:00 | Create | Villager (Male) |
| 8:01 | Create | Villager (Male) |
| 8:18 | Build | House |
| 8:31 | Create | Villager (Male) |
| 9:17 | Build | House |
| 9:26 | Build | Lumber Camp |
| 9:32 | Create | Villager (Male) |
| 9:32 | Create | Villager (Male) |
| 9:32 | Create | Villager (Male) |
| 11:43 | Create | Villager (Male) |
| 12:03 | Build | Town Center |
| 12:12 | Build | Palisade Gate |
| 12:16 | Build | House |
| 12:27 | Build | Palisade Gate |
| 12:35 | Build | Palisade Wall |
| 13:15 | Create | Villager (Male) |
| 13:15 | Create | Villager (Male) |
| 13:46 | Create | Villager (Male) |
| 13:46 | Create | Villager (Male) |
| 13:51 | Create | Villager (Male) |
| 13:51 | Create | Villager (Male) |
| 13:51 | Create | Villager (Male) |
| 13:56 | Build | Mill |
| 14:02 | Build | Mill |
| 14:16 | Create | Villager (Male) |
| 14:16 | Create | Villager (Male) |
| 14:54 | Build | Outpost |
| 15:09 | Build | Palisade Wall |
| 15:17 | Build | House |
| 15:26 | Build | Mill |
| 15:46 | Build | House |
| 15:53 | Build | Palisade Wall |
| 16:05 | Create | Villager (Male) |
| 16:05 | Create | Villager (Male) |
| 16:17 | Create | Villager (Male) |
| 16:17 | Create | Villager (Male) |
| 16:17 | Create | Villager (Male) |
| 16:41 | Build | Palisade Gate |
| 17:19 | Create | Villager (Male) |
| 17:19 | Create | Villager (Male) |
| 17:35 | Build | Palisade Wall |
| 17:52 | Build | Palisade Gate |
| 18:01 | Build | Palisade Gate |
| 18:34 | Build | Palisade Wall |
| 19:09 | Build | Building 800 |
| 19:10 | Build | House |
| 19:53 | Build | Palisade Wall |
| 20:17 | Build | House |
| 20:21 | Create | Villager (Male) |
| 20:21 | Create | Villager (Male) |
| 20:21 | Create | Villager (Male) |
| 20:42 | Research | Feudal Age |
| 20:55 | Build | House |
| 22:11 | Build | Building 796 |
| 22:55 | Age | Feudal Age |
| 22:58 | Build | Watch Tower |
| 23:15 | Create | Villager (Male) |
| 23:16 | Create | Villager (Male) |
| 23:16 | Create | Villager (Male) |
| 23:16 | Create | Villager (Male) |
| 23:38 | Create | Villager (Male) |
| 23:38 | Create | Villager (Male) |
| 23:39 | Create | Villager (Male) |
| 24:12 | Build | Watch Tower |
| 24:25 | Build | Mining Camp |
| 24:31 | Build | House |
| 25:00 | Create | Villager (Male) |
| 25:00 | Create | Villager (Male) |
| 25:33 | Build | House |
| 26:11 | Build | Watch Tower |
| 26:30 | Build | Blacksmith |
| 26:34 | Build | Palisade Wall |
| 26:58 | Create | Villager (Male) |
| 26:58 | Create | Villager (Male) |
| 27:39 | Build | Farm |
| 27:39 | Build | Farm |
| 27:39 | Build | Farm |
| 27:39 | Build | Farm |
| 27:39 | Build | Farm |
| 27:40 | Build | Farm |
| 27:40 | Build | Farm |
| 27:40 | Build | Farm |
| 27:40 | Build | Farm |
| 27:40 | Build | Farm |
| 27:40 | Build | Farm |
| 28:28 | Build | House |
| 28:50 | Create | Villager (Male) |
| 28:50 | Create | Villager (Male) |
| 28:50 | Create | Villager (Male) |
| 29:06 | Build | Watch Tower |
| 29:31 | Build | Palisade Wall |
| 31:34 | Build | House |
| 31:44 | Build | Palisade Wall |
| 31:47 | Build | House |
| 32:02 | Build | Palisade Wall |
| 32:04 | Build | Palisade Wall |
Build order — Gengis_Kush
136 actions detected in the replay
| 0:29 | Build | Town Center |
| 2:46 | Build | Dock |
| 3:05 | Create | Villager (Male) |
| 3:06 | Create | Villager (Male) |
| 3:06 | Create | Villager (Male) |
| 3:15 | Build | House |
| 3:18 | Create | Villager (Male) |
| 3:19 | Create | Villager (Male) |
| 3:21 | Build | House |
| 3:30 | Create | Fishing Ship |
| 4:33 | Create | Fishing Ship |
| 4:44 | Build | House |
| 5:11 | Create | Villager (Male) |
| 5:19 | Build | House |
| 5:40 | Create | Fishing Ship |
| 5:54 | Create | Villager (Male) |
| 6:21 | Research | Loom |
| 6:35 | Create | Villager (Male) |
| 6:43 | Create | Villager (Male) |
| 6:43 | Create | Villager (Male) |
| 6:46 | Create | Fishing Ship |
| 7:18 | Create | Villager (Male) |
| 7:43 | Create | Fishing Ship |
| 7:48 | Create | Villager (Male) |
| 7:48 | Create | Villager (Male) |
| 7:49 | Create | Villager (Male) |
| 8:04 | Create | Villager (Male) |
| 8:23 | Create | Villager (Male) |
| 8:29 | Build | House |
| 8:39 | Create | Fishing Ship |
| 8:53 | Create | Villager (Male) |
| 9:05 | Build | House |
| 9:18 | Create | Villager (Male) |
| 9:30 | Create | Villager (Male) |
| 9:38 | Build | House |
| 10:13 | Build | Mining Camp |
| 10:13 | Create | Villager (Male) |
| 10:43 | Research | Feudal Age |
| 11:17 | Create | Villager (Male) |
| 11:18 | Create | Villager (Male) |
| 11:39 | Build | Dock |
| 12:21 | Build | Barracks |
| 12:50 | Age | Feudal Age |
| 13:06 | Build | Archery Range |
| 13:19 | Create | Villager (Male) |
| 13:33 | Build | Palisade Wall |
| 13:45 | Create | Archer |
| 13:45 | Create | Archer |
| 13:45 | Create | Archer |
| 13:45 | Create | Archer |
| 14:29 | Build | Mill |
| 14:32 | Create | Archer |
| 14:32 | Create | Archer |
| 14:40 | Create | Villager (Male) |
| 14:40 | Create | Villager (Male) |
| 14:40 | Create | Villager (Male) |
| 14:42 | Create | Villager (Male) |
| 15:11 | Create | Archer |
| 15:11 | Create | Archer |
| 16:01 | Create | Villager (Male) |
| 16:01 | Create | Villager (Male) |
| 16:15 | Build | House |
| 16:59 | Create | Archer |
| 16:59 | Create | Archer |
| 17:17 | Research | Town Watch |
| 17:26 | Create | Villager (Male) |
| 17:26 | Create | Villager (Male) |
| 17:28 | Create | Archer |
| 17:28 | Create | Archer |
| 18:13 | Create | Archer |
| 18:13 | Create | Archer |
| 19:11 | Build | Archery Range |
| 19:26 | Create | Archer |
| 19:30 | Build | House |
| 19:38 | Build | Lumber Camp |
| 20:31 | Build | Town Center |
| 20:42 | Create | Archer |
| 20:43 | Create | Archer |
| 20:43 | Create | Archer |
| 21:23 | Build | Market |
| 21:30 | Create | Villager (Male) |
| 21:30 | Create | Villager (Male) |
| 21:56 | Create | Archer |
| 21:56 | Create | Archer |
| 22:01 | Create | Archer |
| 22:01 | Create | Archer |
| 22:28 | Research | Castle Age |
| 22:53 | Create | Archer |
| 22:53 | Create | Archer |
| 22:59 | Build | House |
| 23:00 | Build | House |
| 23:01 | Build | House |
| 23:44 | Create | Archer |
| 23:45 | Create | Archer |
| 23:45 | Create | Archer |
| 23:55 | Build | Lumber Camp |
| 24:44 | Build | Stable |
| 24:53 | Age | Castle Age |
| 24:56 | Create | Villager (Male) |
| 24:56 | Create | Villager (Male) |
| 25:18 | Create | Knight |
| 25:18 | Create | Knight |
| 26:17 | Create | Archer |
| 26:17 | Create | Archer |
| 26:17 | Create | Archer |
| 26:29 | Build | House |
| 26:30 | Build | House |
| 26:39 | Create | Villager (Male) |
| 26:39 | Create | Villager (Male) |
| 26:46 | Build | House |
| 26:47 | Build | House |
| 27:16 | Create | Villager (Male) |
| 27:17 | Create | Villager (Male) |
| 27:31 | Build | Blacksmith |
| 27:53 | Create | Villager (Male) |
| 28:37 | Research | Crossbowman (upgrade) |
| 28:39 | Create | Villager (Male) |
| 28:41 | Create | Villager (Male) |
| 28:41 | Create | Villager (Male) |
| 29:07 | Build | Town Center |
| 29:33 | Research | Padded Archer Armor |
| 29:33 | Create | Villager (Male) |
| 29:33 | Create | Villager (Male) |
| 31:36 | Create | Archer |
| 31:36 | Create | Archer |
| 31:39 | Create | Villager (Male) |
| 31:39 | Create | Villager (Male) |
| 31:39 | Create | Villager (Male) |
| 32:47 | Build | Town Center |
| 33:53 | Create | Archer |
| 33:53 | Create | Archer |
| 35:02 | Build | Farm |
| 35:03 | Build | Farm |
| 35:03 | Build | Farm |
| 35:03 | Build | Farm |
| 35:03 | Build | Farm |
Build order — [Ks]LucasDK
First 150 of 186 actions detected
| 0:34 | Build | Town Center |
| 1:05 | Build | Dock |
| 2:46 | Create | Villager (Male) |
| 2:46 | Create | Villager (Male) |
| 3:25 | Create | Fishing Ship |
| 3:40 | Create | Villager (Male) |
| 3:52 | Create | Villager (Male) |
| 3:53 | Research | Loom |
| 4:15 | Research | Loom |
| 4:40 | Build | House |
| 4:41 | Create | Villager (Male) |
| 5:12 | Create | Fishing Ship |
| 5:16 | Create | Villager (Male) |
| 5:29 | Build | House |
| 5:43 | Create | Villager (Male) |
| 6:08 | Create | Fishing Ship |
| 6:20 | Create | Villager (Male) |
| 6:38 | Create | Villager (Male) |
| 6:50 | Create | Villager (Male) |
| 7:00 | Create | Fishing Ship |
| 7:30 | Create | Villager (Male) |
| 7:40 | Build | House |
| 7:42 | Create | Villager (Male) |
| 8:09 | Create | Fishing Ship |
| 8:19 | Create | Villager (Male) |
| 8:37 | Build | House |
| 8:43 | Create | Villager (Male) |
| 9:02 | Create | Villager (Male) |
| 9:29 | Build | Lumber Camp |
| 9:46 | Research | Feudal Age |
| 10:34 | Build | Mining Camp |
| 11:19 | Build | Dock |
| 11:56 | Age | Feudal Age |
| 11:58 | Create | Villager (Male) |
| 12:01 | Create | Galley |
| 12:04 | Create | Galley |
| 12:24 | Create | Villager (Male) |
| 12:35 | Build | Mill |
| 12:38 | Create | Villager (Male) |
| 13:01 | Create | Villager (Male) |
| 13:08 | Build | Blacksmith |
| 13:09 | Create | Villager (Male) |
| 13:29 | Create | Galley |
| 13:52 | Create | Villager (Male) |
| 13:59 | Create | Galley |
| 14:02 | Create | Galley |
| 14:08 | Research | Fletching |
| 14:10 | Build | House |
| 14:36 | Create | Villager (Male) |
| 15:00 | Build | Dock |
| 15:07 | Create | Galley |
| 15:22 | Build | House |
| 15:24 | Create | Villager (Male) |
| 15:49 | Create | Galley |
| 15:59 | Build | House |
| 16:02 | Create | Galley |
| 16:12 | Create | Galley |
| 16:16 | Create | Villager (Male) |
| 16:21 | Build | House |
| 16:30 | Build | House |
| 16:44 | Create | Villager (Male) |
| 17:05 | Create | Villager (Male) |
| 17:09 | Build | Market |
| 17:19 | Create | Galley |
| 17:24 | Build | House |
| 17:33 | Create | Galley |
| 17:45 | Create | Villager (Male) |
| 18:33 | Create | Villager (Male) |
| 18:51 | Research | Castle Age |
| 19:05 | Create | Galley |
| 19:16 | Create | Galley |
| 19:20 | Create | Galley |
| 19:43 | Research | Double-Bit Axe |
| 19:47 | Research | Gold Mining |
| 20:07 | Create | Galley |
| 20:13 | Create | Galley |
| 20:30 | Create | Galley |
| 20:41 | Build | House |
| 21:38 | Age | Castle Age |
| 21:44 | Research | War Galley (upgrade) |
| 21:49 | Research | Bodkin Arrow |
| 21:50 | Create | Villager (Male) |
| 21:51 | Create | Villager (Male) |
| 22:10 | Create | Villager (Male) |
| 22:17 | Create | Galley |
| 22:28 | Build | Farm |
| 22:29 | Create | Villager (Male) |
| 22:34 | Create | Villager (Male) |
| 22:41 | Build | Town Center |
| 22:54 | Create | Villager (Male) |
| 23:26 | Create | Villager (Male) |
| 23:26 | Create | Villager (Male) |
| 23:54 | Create | Villager (Male) |
| 23:56 | Create | Villager (Male) |
| 24:05 | Create | Villager (Male) |
| 24:09 | Build | University |
| 24:12 | Create | Villager (Male) |
| 24:15 | Create | Villager (Male) |
| 24:36 | Create | Villager (Male) |
| 24:37 | Build | Farm |
| 25:06 | Research | Ballistics |
| 25:09 | Create | Villager (Male) |
| 25:18 | Create | Villager (Male) |
| 25:26 | Build | Farm |
| 25:26 | Create | Villager (Male) |
| 25:28 | Build | Farm |
| 25:30 | Create | Villager (Male) |
| 25:48 | Create | Galley |
| 25:48 | Create | Galley |
| 25:53 | Build | Farm |
| 25:54 | Create | Villager (Male) |
| 25:55 | Build | Farm |
| 26:04 | Create | Villager (Male) |
| 26:07 | Build | Mining Camp |
| 26:12 | Build | Farm |
| 26:15 | Create | Villager (Male) |
| 26:32 | Create | Fishing Ship |
| 26:32 | Create | Fishing Ship |
| 26:41 | Build | Farm |
| 26:42 | Create | Villager (Male) |
| 27:01 | Create | Villager (Male) |
| 27:06 | Build | Farm |
| 27:07 | Create | Villager (Male) |
| 27:15 | Create | Galley |
| 27:15 | Create | Galley |
| 27:47 | Build | House |
| 27:51 | Create | Villager (Male) |
| 27:53 | Build | Farm |
| 27:55 | Build | Farm |
| 27:58 | Build | Farm |
| 27:59 | Create | Villager (Male) |
| 28:01 | Build | Farm |
| 28:20 | Build | House |
| 28:29 | Create | Galley |
| 28:31 | Create | Galley |
| 28:31 | Create | Galley |
| 28:43 | Build | House |
| 28:44 | Build | House |
| 29:04 | Build | Farm |
| 29:04 | Create | Villager (Male) |
| 29:07 | Build | Farm |
| 29:28 | Build | Farm |
| 29:31 | Create | Villager (Male) |
| 29:34 | Build | Monastery |
| 29:53 | Create | Villager (Male) |
| 30:00 | Build | House |
| 30:00 | Build | House |
| 30:05 | Research | Imperial Age |
| 30:11 | Build | Lumber Camp |
| 30:15 | Research | Padded Archer Armor |
Build order — UzuI
First 150 of 211 actions detected
| 0:10 | Build | Town Center |
| 0:41 | Build | Dock |
| 0:44 | Build | House |
| 2:38 | Create | Villager (Male) ×4 |
| 2:38 | Create | Villager (Male) ×4 |
| 3:43 | Create | Fishing Ship |
| 3:43 | Create | Fishing Ship |
| 4:11 | Create | Villager (Male) |
| 4:21 | Build | House |
| 4:40 | Create | Villager (Male) |
| 5:05 | Create | Villager (Male) |
| 5:05 | Create | Villager (Male) |
| 5:23 | Create | Fishing Ship |
| 5:33 | Create | Villager (Male) |
| 5:33 | Create | Villager (Male) |
| 6:01 | Create | Villager (Male) |
| 6:04 | Create | Fishing Ship |
| 6:35 | Create | Villager (Male) |
| 6:38 | Build | House |
| 6:44 | Research | Loom |
| 6:46 | Create | Villager (Male) |
| 6:53 | Build | House |
| 6:56 | Build | House |
| 7:18 | Create | Villager (Male) |
| 7:22 | Create | Villager (Male) |
| 7:22 | Create | Villager (Male) |
| 7:25 | Create | Villager (Male) |
| 7:25 | Create | Villager (Male) |
| 7:53 | Create | Fishing Ship |
| 8:02 | Build | House |
| 8:32 | Build | Mill |
| 8:43 | Create | Villager (Male) |
| 8:48 | Create | Fishing Ship |
| 9:08 | Create | Villager (Male) |
| 9:39 | Create | Villager (Male) |
| 9:50 | Build | Dock |
| 10:03 | Create | Villager (Male) |
| 10:38 | Create | Fishing Ship |
| 10:47 | Research | Feudal Age |
| 11:12 | Build | House |
| 11:24 | Build | Mining Camp |
| 12:42 | Build | Lumber Camp |
| 12:57 | Age | Feudal Age |
| 12:58 | Create | Galley |
| 12:58 | Create | Galley |
| 12:58 | Create | Galley |
| 12:58 | Create | Villager (Male) |
| 13:01 | Create | Villager (Male) |
| 13:31 | Research | Double-Bit Axe |
| 13:35 | Create | Galley |
| 13:35 | Create | Galley |
| 14:00 | Create | Villager (Male) |
| 14:03 | Create | Villager (Male) |
| 14:09 | Create | Trade Cog |
| 14:10 | Create | Trade Cog |
| 14:14 | Create | Galley |
| 14:46 | Create | Galley |
| 14:50 | Create | Villager (Male) |
| 15:11 | Build | Mining Camp |
| 15:12 | Create | Villager (Male) |
| 15:15 | Create | Villager (Male) |
| 15:24 | Build | Blacksmith |
| 16:00 | Create | Galley |
| 16:00 | Create | Galley |
| 16:03 | Build | House |
| 16:06 | Create | Villager (Male) |
| 16:06 | Create | Villager (Male) |
| 16:07 | Research | Fletching |
| 16:37 | Build | House |
| 16:40 | Build | House |
| 16:47 | Create | Galley |
| 17:05 | Create | Villager (Male) |
| 17:23 | Create | Villager (Male) |
| 17:27 | Create | Galley |
| 17:27 | Create | Galley |
| 17:50 | Create | Villager (Male) |
| 18:00 | Build | Market |
| 18:13 | Create | Villager (Male) |
| 18:16 | Build | Farm |
| 18:25 | Create | Galley |
| 18:25 | Create | Galley |
| 18:51 | Create | Villager (Male) |
| 19:03 | Create | Galley |
| 19:12 | Build | Farm |
| 19:12 | Build | Farm |
| 19:15 | Build | Farm |
| 19:18 | Create | Villager (Male) |
| 19:22 | Create | Galley |
| 19:56 | Build | House |
| 19:57 | Build | House |
| 19:58 | Build | House |
| 20:02 | Create | Villager (Male) |
| 20:05 | Build | Farm |
| 20:05 | Build | Farm |
| 20:07 | Build | Farm |
| 20:11 | Create | Galley |
| 20:41 | Build | House |
| 20:50 | Research | Castle Age |
| 20:50 | Research | Castle Age |
| 21:08 | Research | Padded Archer Armor |
| 21:54 | Build | House |
| 22:11 | Create | Galley |
| 22:12 | Create | Galley |
| 22:24 | Research | Horse Collar |
| 22:26 | Research | Gold Mining |
| 22:53 | Build | House |
| 23:14 | Build | House |
| 23:30 | Age | Castle Age |
| 23:37 | Build | Castle |
| 23:48 | Research | War Galley (upgrade) |
| 23:49 | Research | Bodkin Arrow |
| 23:59 | Research | Wheelbarrow |
| 25:01 | Build | Town Center |
| 25:09 | Create | Camel Archer |
| 25:09 | Create | Camel Archer |
| 25:10 | Create | Camel Archer |
| 25:10 | Create | Camel Archer |
| 25:10 | Create | Camel Archer |
| 25:15 | Build | Palisade Wall |
| 25:17 | Build | Palisade Wall |
| 25:20 | Build | Palisade Wall |
| 25:25 | Research | Town Watch |
| 26:16 | Build | Farm |
| 26:16 | Build | Farm |
| 26:16 | Build | Farm |
| 26:17 | Build | Farm |
| 26:21 | Create | Villager (Male) |
| 26:44 | Create | Camel Archer |
| 26:51 | Build | Farm |
| 26:51 | Build | Farm |
| 26:51 | Build | Farm |
| 26:52 | Build | Farm |
| 26:53 | Build | Farm |
| 27:04 | Create | Camel Archer |
| 27:44 | Create | Villager (Male) |
| 27:44 | Create | Villager (Male) |
| 27:52 | Build | Farm |
| 28:19 | Create | Camel Archer |
| 28:19 | Create | Camel Archer |
| 28:19 | Create | Villager (Male) |
| 28:20 | Create | Villager (Male) |
| 28:31 | Research | Leather Archer Armor |
| 28:31 | Research | Leather Archer Armor |
| 28:46 | Create | Camel Archer |
| 28:47 | Create | Villager (Male) |
| 28:47 | Create | Villager (Male) |
| 28:47 | Create | Villager (Male) |
| 29:10 | Create | Camel Archer |
| 29:21 | Build | Town Center |
| 29:27 | Create | Camel Archer |
Build order — Ghost-Jhon
First 150 of 204 actions detected
| 0:58 | Build | Town Center |
| 2:22 | Build | Dock |
| 2:47 | Build | House |
| 2:49 | Build | House |
| 3:06 | Create | Villager (Male) |
| 3:06 | Create | Villager (Male) |
| 3:07 | Create | Villager (Male) |
| 3:07 | Create | Villager (Male) |
| 3:07 | Create | Villager (Male) |
| 4:42 | Research | Loom |
| 4:47 | Create | Fishing Ship |
| 4:47 | Create | Fishing Ship |
| 5:25 | Create | Villager (Male) |
| 5:25 | Create | Villager (Male) |
| 5:41 | Create | Fishing Ship |
| 6:08 | Create | Villager (Male) |
| 6:08 | Create | Villager (Male) |
| 6:31 | Create | Villager (Male) |
| 6:49 | Create | Fishing Ship |
| 6:51 | Build | House |
| 7:14 | Create | Villager (Male) |
| 7:32 | Create | Fishing Ship |
| 7:38 | Create | Villager (Male) |
| 7:56 | Create | Villager (Male) |
| 8:12 | Build | House |
| 8:14 | Build | House |
| 8:28 | Create | Villager (Male) |
| 8:43 | Create | Fishing Ship |
| 8:43 | Create | Fishing Ship |
| 8:52 | Create | Villager (Male) |
| 8:53 | Create | Villager (Male) |
| 9:21 | Create | Villager (Male) |
| 9:46 | Create | Villager (Male) |
| 10:01 | Build | Mill |
| 10:19 | Create | Villager (Male) |
| 10:32 | Create | Fishing Ship |
| 10:41 | Create | Villager (Male) |
| 11:03 | Create | Villager (Male) |
| 11:09 | Create | Fishing Ship |
| 11:42 | Research | Feudal Age |
| 11:45 | Create | Villager (Male) |
| 11:52 | Build | Mining Camp |
| 12:40 | Build | House |
| 12:42 | Build | House |
| 12:43 | Build | House |
| 12:45 | Build | House |
| 12:46 | Build | House |
| 12:47 | Build | House |
| 12:48 | Build | House |
| 12:57 | Build | Palisade Wall |
| 13:31 | Create | Fishing Ship |
| 13:38 | Create | Villager (Male) |
| 14:00 | Age | Feudal Age |
| 14:33 | Build | Barracks |
| 14:49 | Create | Villager (Male) |
| 14:50 | Create | Villager (Male) |
| 15:10 | Create | Unit 2626 |
| 15:22 | Create | Villager (Male) |
| 15:56 | Build | Archery Range |
| 16:15 | Create | Villager (Male) |
| 16:20 | Build | House |
| 16:22 | Build | House |
| 16:25 | Create | Villager (Male) |
| 16:50 | Create | Archer |
| 16:51 | Create | Archer |
| 17:15 | Build | Blacksmith |
| 17:19 | Create | Villager (Male) |
| 17:20 | Create | Villager (Male) |
| 17:41 | Build | Palisade Wall |
| 17:51 | Research | Castle Age |
| 17:52 | Research | Castle Age |
| 17:55 | Create | Villager (Male) |
| 17:55 | Create | Villager (Male) |
| 18:02 | Create | Unit 2626 |
| 18:03 | Create | Unit 2626 |
| 18:39 | Research | Fletching |
| 18:45 | Create | Archer |
| 18:45 | Create | Archer |
| 18:58 | Build | Stable |
| 19:01 | Create | Villager (Male) |
| 19:21 | Build | House |
| 19:23 | Build | House |
| 19:25 | Build | House |
| 19:26 | Build | House |
| 19:53 | Build | Lumber Camp |
| 20:01 | Create | Villager (Male) |
| 20:16 | Create | Scout Cavalry |
| 20:17 | Create | Scout Cavalry |
| 20:38 | Build | Mill |
| 20:49 | Age | Castle Age |
| 20:51 | Create | Knight |
| 20:52 | Create | Knight |
| 21:05 | Research | Scale Barding Armor |
| 21:31 | Create | Knight |
| 21:52 | Create | Knight |
| 22:04 | Create | Knight |
| 22:04 | Create | Knight |
| 22:25 | Create | Knight |
| 22:57 | Build | Town Center |
| 23:48 | Create | Villager (Male) |
| 23:48 | Create | Villager (Male) |
| 23:48 | Create | Villager (Male) |
| 23:49 | Create | Villager (Male) |
| 24:25 | Create | Villager (Male) |
| 24:26 | Create | Villager (Male) |
| 25:04 | Create | Villager (Male) |
| 25:05 | Create | Villager (Male) |
| 25:05 | Create | Villager (Male) |
| 25:08 | Build | Monastery |
| 25:09 | Create | Villager (Male) |
| 25:09 | Create | Villager (Male) |
| 25:11 | Build | Farm |
| 25:11 | Build | Farm |
| 25:11 | Build | Farm |
| 25:16 | Build | Farm |
| 25:20 | Build | Farm |
| 26:02 | Create | Monk |
| 26:07 | Create | Knight |
| 26:07 | Create | Knight |
| 26:08 | Create | Knight |
| 26:16 | Build | Farm |
| 26:16 | Build | Farm |
| 26:17 | Build | Farm |
| 26:17 | Build | Farm |
| 26:17 | Build | Farm |
| 26:17 | Build | Farm |
| 26:17 | Build | Farm |
| 26:28 | Build | Mining Camp |
| 26:38 | Create | Villager (Male) |
| 26:38 | Create | Villager (Male) |
| 26:48 | Build | Farm |
| 26:50 | Create | Villager (Male) |
| 26:51 | Create | Villager (Male) |
| 27:14 | Create | Knight |
| 27:14 | Create | Knight |
| 27:25 | Build | Siege Workshop |
| 27:34 | Build | Farm |
| 27:35 | Build | Farm |
| 27:41 | Create | Knight |
| 28:04 | Create | Knight |
| 28:32 | Build | Farm |
| 28:32 | Build | Farm |
| 28:39 | Research | Chain Barding Armor |
| 28:42 | Create | Battering Ram |
| 28:43 | Create | Battering Ram |
| 28:55 | Build | Farm |
| 29:07 | Build | House |
| 29:07 | Build | House |
| 29:08 | Build | House |
| 29:08 | Build | House |
Match timeline
| 0:41 | UzuI · first_building Dock |
| 0:56 | Sir Monkey · first_building Dock |
| 1:05 | [Ks]LucasDK · first_building Dock |
| 1:18 | Asggard9 · first_building Dock |
| 1:37 | [FeI] Sargento Cabral · first_building Dock |
| 2:22 | Ghost-Jhon · first_building Dock |
| 2:46 | Gengis_Kush · first_building Dock |
| 3:10 | [M] Nico · first_building Dock |
| 8:55 | Sir Monkey · first_building Barracks |
| 11:52 | Sir Monkey · wall_segment Palisade Wall x5 |
| 11:56 | [Ks]LucasDK · age_up feudal |
| 11:59 | Sir Monkey · wall_segment Palisade Wall x5 |
| 12:10 | Sir Monkey · wall_segment Palisade Wall x4 |
| 12:19 | Sir Monkey · wall_segment Palisade Wall x10 |
| 12:21 | Gengis_Kush · first_building Barracks |
| 12:33 | [FeI] Sargento Cabral · first_building Barracks |
| 12:35 | Asggard9 · wall_segment Palisade Wall x1 |
| 12:42 | [M] Nico · age_up feudal |
| 12:50 | Gengis_Kush · age_up feudal |
| 12:57 | UzuI · age_up feudal |
| 12:57 | Ghost-Jhon · wall_segment Palisade Wall x5 |
| 13:06 | Gengis_Kush · first_building Archery Range |
| 13:10 | [FeI] Sargento Cabral · age_up feudal |
| 13:18 | Sir Monkey · wall_segment Palisade Wall x1 |
| 13:25 | [FeI] Sargento Cabral · first_building Archery Range |
| 13:26 | Sir Monkey · wall_segment Palisade Wall x4 |
| 13:33 | Gengis_Kush · wall_segment Palisade Wall x1 |
| 14:00 | Ghost-Jhon · age_up feudal |
| 14:14 | Sir Monkey · wall_segment Palisade Wall x2 |
| 14:23 | [M] Nico · wall_segment Palisade Wall x3 |
| 14:25 | [M] Nico · wall_segment Palisade Wall x13 |
| 14:33 | Ghost-Jhon · first_building Barracks |
| 14:43 | [FeI] Sargento Cabral · wall_segment Palisade Wall x1 |
| 15:04 | Sir Monkey · age_up feudal |
| 15:09 | Asggard9 · wall_segment Palisade Wall x5 |
| 15:13 | Sir Monkey · first_building Archery Range |
| 15:39 | [M] Nico · first_building Barracks |
| 15:53 | Asggard9 · wall_segment Palisade Wall x8 |
| 15:56 | Ghost-Jhon · first_building Archery Range |
| 16:28 | [M] Nico · age_up castle |
| 16:51 | [FeI] Sargento Cabral · wall_segment Palisade Wall x1 |
| 16:53 | [FeI] Sargento Cabral · wall_segment Palisade Wall x1 |
| 16:55 | [M] Nico · first_building Stable |
| 17:32 | [FeI] Sargento Cabral · wall_segment Palisade Wall x10 |
| 17:35 | Asggard9 · wall_segment Palisade Wall x4 |
| 17:41 | Ghost-Jhon · wall_segment Palisade Wall x9 |
| 18:34 | Asggard9 · wall_segment Palisade Wall x9 |
| 18:58 | Ghost-Jhon · first_building Stable |
| 19:53 | Asggard9 · wall_segment Palisade Wall x1 |
| 20:11 | [FeI] Sargento Cabral · wall_segment Palisade Wall x13 |
| 20:14 | [FeI] Sargento Cabral · wall_segment Palisade Wall x2 |
| 20:31 | UzuI · first_market_buy 100 food |
| 20:37 | Sir Monkey · first_market_buy 100 food |
| 20:39 | [FeI] Sargento Cabral · wall_segment Palisade Wall x6 |
| 20:42 | Sir Monkey · first_market_sell 100 stone |
| 20:46 | UzuI · first_market_sell 100 stone |
| 20:49 | Ghost-Jhon · age_up castle |
| 21:37 | Sir Monkey · wall_segment Stone Wall x11 |
| 21:38 | [Ks]LucasDK · age_up castle |
| 21:46 | Sir Monkey · wall_segment Palisade Wall x7 |
| 22:20 | Gengis_Kush · first_market_buy 100 food |
| 22:23 | Gengis_Kush · first_market_sell 100 wood |
| 22:55 | Asggard9 · age_up feudal |
| 22:57 | Sir Monkey · wall_segment Palisade Wall x1 |
| 23:07 | Sir Monkey · wall_segment Palisade Wall x11 |
| 23:23 | [FeI] Sargento Cabral · wall_segment Palisade Wall x1 |
| 23:30 | UzuI · age_up castle |
| 23:37 | UzuI · first_building Castle |
| 24:13 | [FeI] Sargento Cabral · first_market_sell 100 wood |
| 24:15 | [FeI] Sargento Cabral · first_market_buy 100 food |
| 24:44 | Gengis_Kush · first_building Stable |
| 24:53 | Sir Monkey · wall_segment Palisade Wall x6 |
| 24:53 | Gengis_Kush · age_up castle |
| 24:54 | Sir Monkey · age_up castle |
| 25:08 | Ghost-Jhon · first_building Monastery |
| 25:15 | UzuI · wall_segment Palisade Wall x1 |
| 25:17 | UzuI · wall_segment Palisade Wall x1 |
| 25:20 | UzuI · wall_segment Palisade Wall x1 |
| 26:00 | [Ks]LucasDK · first_market_buy 100 food |
| 26:34 | Asggard9 · wall_segment Palisade Wall x4 |
| 27:25 | Ghost-Jhon · first_building Siege Workshop |
| 27:28 | [M] Nico · first_market_sell 100 food |
| 27:49 | [FeI] Sargento Cabral · age_up castle |
| 28:30 | [FeI] Sargento Cabral · wall_segment Stone Wall x5 |
| 29:26 | Sir Monkey · first_building Siege Workshop |
| 29:31 | Asggard9 · wall_segment Palisade Wall x5 |
| 29:34 | [Ks]LucasDK · first_building Monastery |
| 30:54 | [Ks]LucasDK · first_building Castle |
| 31:07 | [M] Nico · first_building Castle |
| 31:44 | Asggard9 · wall_segment Palisade Wall x1 |
| 32:02 | Asggard9 · wall_segment Palisade Wall x1 |
| 32:04 | Asggard9 · wall_segment Palisade Wall x1 |
| 33:15 | [Ks]LucasDK · age_up imperial |
| 34:20 | [FeI] Sargento Cabral · resign |
[ AI ANALYSIS · 1 CREDIT ]
What really happened in this match?
Wolo.gg analyzes every decision: build order, eco, micro, common mistakes by bracket. Personalized analysis on WhatsApp or Discord in 30 seconds.
Civ guide
Japanese
Map guide
Nomad
Perfil
Jugador #1826421